 Dungeon Crawl Stone Soup version 0.21.0-24-g2553a33 (webtiles) character file.

6834 HammerPanzer the Bludgeoner (level 10, -3/96 (97) HPs)
             Began as a Minotaur Berserker on Jan 19, 2018.
             Was a High Priest of Trog.
             Slain by an unseen horror (4 damage)
             ... on level 10 of the Dungeon.
             The game lasted 00:25:12 (9190 turns).

HammerPanzer the Bludgeoner (Minotaur Berserker)    Turns: 9190, Time: 00:25:12

HP:   -3/96 (97)    AC: 12    Str: 24    XL:     10   Next: 77%
MP:   9/9           EV:  8    Int:  5    God:    Trog [*****.]
Gold: 468           SH:  5    Dex: 10    Spells: 9/9 levels left

rFire    . . .     SeeInvis .   s - +5 morningstar (freeze)
rCold    . . .     Gourm    .   (no shield)
rNeg     . . .     Faith    .   l - +0 chain mail
rPois    .         Spirit   .   (helmet restricted)
rElec    .         Reflect  +   (no cloak)
rCorr    .         Harm     .   t - +0 pair of gloves
MR       +....                  F - +1 pair of boots
Stlth    ..........             o - +5 amulet of reflection
HPRegen  0.26/turn              E - ring of protection from magic
MPRegen  0.11/turn              (no ring)

@: berserk cooldown, slowed, very slow
A: retaliatory headbutt, horns 2
a: Berserk, Trog's Hand, Brothers in Arms, Burn Spellbooks, Renounce Religion


You were on level 10 of the Dungeon.
You worshipped Trog.
Trog was extremely pleased with you.
You were very hungry.

You visited 1 branch of the dungeon, and saw 10 of its levels.

You collected 468 gold pieces.

Inventory:

Hand Weapons
 s - a +5 morningstar of freezing (weapon)
Missiles
 y - 5 tomahawks (quivered)
Armour
 l - a +0 chain mail (worn)
 t - a +0 pair of gloves (worn)
 F - a +1 pair of boots (worn)
Jewellery
 o - a +5 amulet of reflection (around neck)
 E - a ring of protection from magic (left hand)
Wands
 p - a wand of acid (14)
 u - a wand of polymorph (8)
Scrolls
 b - 4 scrolls of teleportation
 g - 3 scrolls of remove curse
 m - 2 scrolls of fear
 B - a scroll of magic mapping
Potions
 e - a potion of invisibility
 f - a potion of agility
 i - 6 potions of curing
 j - 3 potions of brilliance
 n - 3 potions of mutation
 r - a potion of berserk rage
 v - a potion of haste {unknown}
 x - a potion of flight
 z - a potion of lignification {unknown}
Comestibles
 c - 28 rations
 h - 8 chunks of flesh


   Skills:
 + Level 11.7 Fighting
 * Level 15.5 Maces & Flails
 - Level 2.4 Armour
 - Level 2.1 Dodging


You had 9 spell levels left.
You didn't know any spells.

Dungeon Overview and Level Annotations

Branches:
Dungeon (10/15)            Temple (0/1) D:4            Lair (0/6) D:9
    Orc: D:9-12

Altars:
Cheibriados
Fedhas
The Shining One

Annotations:
D:4 exclusion: oklob plant


Innate Abilities, Weirdness & Mutations

You reflexively headbutt those who attack you in melee.
You have a pair of horns on your head.


Message History

A red film seems to cover your vision as you go berserk!
You feel yourself moving faster!
You feel mighty!
You are feeling very hungry.
Something hits you but does no damage.
You feel a strong urge to attack something.
Something completely misses you. Something hits you!
* * * LOW HITPOINT WARNING * * *
You feel your anger nearly subside.
You are no longer berserk.
You are exhausted.
You feel yourself slow down. Something hits you.
* * * LOW HITPOINT WARNING * * *
Something hits you but does no damage. Something hits you.
* * * LOW HITPOINT WARNING * * *
Something hits you but does no damage.
You miss something. Something hits you but does no damage. Something hits you.
* * * LOW HITPOINT WARNING * * *
Something hits you.
You die...

*,***,,........# ####...
*,,,,,,........# #......
********####.......# #.#....
,,,,* *,..........###### #.#....
,,,,****,*#........#....# #.#....
,,,,,,,,,*,......,,#.##.# #.#....
,*******,,,*#..#***#.##.# #.#....
,,,,,,,,,,,,#..#####.##.###.#.###
**********,*#...@{##.##.....#....
******,*##.##.##.############
*,,,**,*#.....##.#*,,,,,,,,*
*,,,**,*#.....##.#####****,**
***,,,**,##?:...##...!.#####.#,
*,,,,,,,,#......######........,
*,*,,,***#......######........,
***,*,,,* #....................,
*,,,,,*** #.....#######........,


There were no monsters in sight!

Vanquished Creatures
  3 two-headed ogres
  Pikel (D:6)
  A hippogriff (D:5)
  Prince Ribbit (D:7)
  A wraith (D:9)
  Eustachio (D:6)
  A hungry ghost (D:10)
  3 orc warriors
  An ice beast (D:6)
  2 ogres (D:4)
  2 phantoms
  An eye of draining (D:8)
  A necrophage (D:9)
  4 centaurs
  5 bullfrogs
  2 scorpions
  9 killer bees (D:10)
  7 wights
  A howler monkey (D:10)
  A bullfrog zombie (D:5)
  4 crimson imps
  A centaur zombie (D:8)
  3 hounds
  4 jellies
  An orc priest (D:9)
  3 bullfrog skeletons
  6 orc wizards
  7 worker ants
  2 iguanas
  Robin (D:3)
  7 gnolls
  10 adders
  3 shadow imps
  An ooze (D:1)
  3 adder zombies
  2 adder skeletons
  2 dart slugs (D:2)
  2 worms
  7 leopard geckos
  22 orcs
  2 ball pythons
  7 bats
  6 giant cockroaches
  14 goblins
  10 hobgoblins
  10 jackals
  7 quokkas
  3 frilled lizards
  A jackal zombie (D:6)
  10 kobolds
  A leopard gecko zombie (D:8)
  5 rats
215 creatures vanquished.

Vanquished Creatures (others)
  A necrophage (D:6)
1 creature vanquished.

Grand Total: 216 creatures vanquished

Notes
Turn   | Place    | Note
-------+----------+-------------------------------------------
     0 | D:1      | HammerPanzer the Minotaur Berserker began the quest for the Orb.
     0 | D:1      | Reached XP level 1. HP: 19/19 MP: 0/0
   210 | D:1      | Reached skill level 4 in Maces & Flails
   252 | D:1      | Reached XP level 2. HP: 20/27 MP: 1/1
   950 | D:2      | Reached XP level 3. HP: 33/33 MP: 2/2
  1066 | D:2      | Reached skill level 5 in Maces & Flails
  1081 | D:2      | Reached ** piety under Trog
  1229 | D:2      | Reached XP level 4. HP: 41/41 MP: 3/3
  1674 | D:3      | Reached skill level 6 in Maces & Flails
  1868 | D:3      | Reached XP level 5. HP: 47/47 MP: 4/4
  1869 | D:3      | Noticed Robin
  1874 | D:3      | Reached *** piety under Trog
  1877 | D:3      | Reached skill level 5 in Fighting
  1880 | D:3      | Killed Robin
  2767 | D:4      | Noticed an ogre
  2771 | D:4      | Killed an ogre
  2771 | D:4      | Reached skill level 7 in Maces & Flails
  2771 | D:4      | Reached XP level 6. HP: 28/56 MP: 5/5
  3030 | D:4      | Found a staircase to the Ecumenical Temple.
  3117 | D:4      | Reached skill level 8 in Maces & Flails
  3234 | D:4      | Found a blossoming altar of Fedhas.
  3254 | D:4      | Noticed an oklob plant
  3451 | D:5      | Entered Level 5 of the Dungeon
  3524 | D:5      | Noticed a hippogriff
  3527 | D:5      | Killed a hippogriff
  3527 | D:5      | Reached XP level 7. HP: 55/64 MP: 6/6
  3650 | D:5      | Reached skill level 9 in Maces & Flails
  4067 | D:5      | You fall through a shaft for 3 floors!
  4102 | D:7      | Reached **** piety under Trog
  4129 | D:7      | Reached XP level 8. HP: 73/73 MP: 7/7
  4293 | D:7      | Reached skill level 10 in Maces & Flails
  4865 | D:6      | Found a glowing golden altar of the Shining One.
  5224 | D:6      | Reached skill level 11 in Maces & Flails
  5398 | D:6      | Noticed Pikel
  5408 | D:6      | Killed Pikel
  5408 | D:6      | Reached XP level 9. HP: 32/83 MP: 8/8
  5411 | D:6      | Reached skill level 12 in Maces & Flails
  5674 | D:6      | Noticed Eustachio
  5676 | D:6      | Killed Eustachio
  6261 | D:7      | Noticed Prince Ribbit
  6264 | D:7      | Killed Prince Ribbit
  6601 | D:7      | Found a snail-covered altar of Cheibriados.
  6868 | D:8      | Reached skill level 13 in Maces & Flails
  7037 | D:8      | Reached skill level 10 in Fighting
  7249 | D:8      | Noticed a two-headed ogre
  7256 | D:8      | Killed a two-headed ogre
  7257 | D:8      | Reached ***** piety under Trog
  7257 | D:8      | Reached XP level 10. HP: 23/93 MP: 9/9
  7825 | D:8      | Reached skill level 14 in Maces & Flails
  8429 | D:9      | Noticed a two-headed ogre
  8433 | D:9      | Killed a two-headed ogre
  8511 | D:9      | Noticed a two-headed ogre
  8515 | D:9      | Killed a two-headed ogre
  8515 | D:9      | Reached skill level 15 in Maces & Flails
  8673 | D:9      | Found a staircase to the Lair.
  8709 | D:10     | Entered Level 10 of the Dungeon
  9189 | D:10     | HP: 1/96 [something (5)]
  9190 | D:10     | Slain by an unseen horror

Skill      XL: |  1  2  3  4  5  6  7  8  9 10 |
---------------+-------------------------------+-----
Maces & Flails | 4 5 6 7 8 9 11 13 15 | 15.5
Fighting       | 4 5 6 7 9 10 11 | 11.7
Armour         | |  2.4
Dodging        | |  2.1

Action                   |  1- 3 |  4- 6 |  7- 9 | 10-12 || total
-------------------------+-------+-------+-------+-------++-------
Melee: Mace              |    59 |    89 |       |       ||   148
       Headbutt          |    10 |    20 |    28 |    16 ||    74
       Flail             |       |    41 |    40 |       ||    81
       Morningstar       |       |       |   126 |   110 ||   236
Invok: Berserk           |     1 |     3 |     7 |     3 ||    14
       Burn Spellbooks   |       |       |     3 |       ||     3
  Use: Scroll            |       |       |       |    18 ||    18
  Eat: Chunk             |     2 |    10 |    17 |     9 ||    38
Armor: Animal skin       |     5 |       |       |       ||     5
       Ring mail         |     5 |       |       |       ||     5
       Scale mail        |     2 |    64 |    63 |    10 ||   139
       Chain mail        |       |       |       |    39 ||    39
Dodge: Dodged            |    41 |    70 |    74 |    44 ||   229
Block: Other             |       |       |       |     5 ||     5
